 Dungeon Crawl Stone Soup version 0.31-a0-150-g89dc3ad700 (webtiles) character file.

Game seed: 14190072706020724564

12722 qw the Marksgargoyle (level 11, -7/72 HPs)
             Began as a Gargoyle Hunter on June 8, 2023.
             Was an Initiate of Okawaru.
             Killed from afar by Fannar (19 damage)
             ... with a bolt of cold
             ... on level 10 of the Dungeon.
             The game lasted 00:04:18 (8657 turns).

qw the Marksgargoyle (Gargoyle Hunter)              Turns: 8657, Time: 00:04:19

Health: -7/72      AC: 17    Str: 16    XL:     11   Next: 97%
Magic:  9/9        EV: 16    Int:  9    God:    Okawaru [......]
Gold:   372        SH:  5    Dex: 23    Spells: 10/10 levels left

rFire   . . .        n - +0 orcbow (chaos)
rCold   . . .        (shield currently unavailable)
rNeg    + . .        l - +0 troll leather armour {Pargi}
rPois   inf          (no helmet)
rElec   +            (no cloak)
rCorr   .            q - +2 pair of gloves
SInv    .            u - +1 pair of boots
Will    +....        s - amulet of reflection
Stlth   ++           i - +6 ring of dexterity
HPRegen 1.12/turn    h - ring of willpower
MPRegen 0.11/turn

%: reflection
@: about to teleport
A: sickness immunity, AC +8, negative energy resistance 1, electricity
resistance, torment resistance 1, petrification resistance, low MP 1, mutation
resistance 1
a: Renounce Religion


You were on level 10 of the Dungeon.
You worshipped Okawaru.
Okawaru was noncommittal.
You visited 2 branches of the dungeon, and saw 11 of its levels.
You also visited: Sewer and Ossuary.

You collected 636 gold pieces.
You spent 264 gold pieces at shops.


Innate Abilities, Weirdness & Mutations

You are immune to sickness and miasma.
Your stone body is resilient. (AC +8)
You are immune to poison.
You resist negative energy. (rN+)
You are resistant to electric shocks. (rElec)
You are resistant to unholy torment.
You are immune to petrification.
Your magical capacity is low. (-10% MP)
You are somewhat resistant to further mutation.


   Skills:
 - Level 10.2 Fighting
 - Level 15.0 Ranged Weapons
 + Level 3.5 Armour
 - Level 6.0 Dodging
 - Level 1.1 Stealth


You had 10 spell levels left.
You didn't know any spells.
Your spell library was empty.

Inventory:

Hand Weapons
 n - a +0 orcbow of chaos (weapon)
Armour
 l - a +0 troll leather armour (worn) {Pargi}
 q - a +2 pair of gloves (worn)
 u - a +1 pair of boots (worn)
Jewellery
 e - a +6 ring of strength
 h - a ring of willpower (right hand)
 i - a +6 ring of dexterity (left hand)
 s - an amulet of reflection (around neck)
Wands
 d - a wand of digging (16)
Scrolls
 o - 2 scrolls of identify
Potions
 a - 4 potions of cancellation
 b - 4 potions of mutation
 c - 6 potions of curing
 f - a potion of resistance
 k - 4 potions of might
 m - a potion of haste
 p - a potion of berserk rage {unknown}
 r - a potion of invisibility {unknown}

Dungeon Overview and Level Annotations

Branches:
Dungeon (10/15)            Temple (1/1) D:4            Lair (0/5) D:8
    Orc (0/2) D:9           Sewer (visited)         Ossuary (visited)

Altars:
Ashenzari
Cheibriados
Dithmenos
Elyvilon
Fedhas
Gozag
Hepliaklqana
Kikubaaqudgha
Makhleb
Nemelex Xobeh
Okawaru
Qazlal
Ru
Sif Muna
Trog
Uskayaw
Vehumet
Wu Jian
Xom
Yredelemnul
Zin
The Shining One

Shops:
D:6 !

Annotations:
D:3 1 runed translucent door, Crazy Yiuf
D:10 Fannar


Message History

Fannar gestures wildly while chanting.
Fannar drains the heat from the surrounding environment!
8647 ||| READING 2 scrolls of teleportation.
As you read the scroll of teleportation, it crumbles to dust.
You feel strangely unstable. The ice beast closely misses you.
Fannar gestures wildly while chanting.
Fannar drains the heat from the surrounding environment!
You shoot an arrow. The arrow hits the ice beast!
You kill the ice beast!
The ice beast disappears in a puff of smoke!
You shoot an arrow. The arrow hits Fannar.
Fannar is almost dead.
Fannar gestures wildly while chanting.
You shoot an arrow.
The arrow hits Fannar but does no damage.
Fannar is almost dead.
Fannar gestures wildly while chanting.
You shoot an arrow. The arrow misses Fannar.
The arrow completely misses the ice beast.
You shoot an arrow. The arrow misses Fannar.
The arrow hits the ice beast!
The ice beast is moderately wounded.
Your surroundings seem slightly different.
Enter note:
Enter note:
Enter note:
Enter note:
8653 ||| FLEEEEING.
8654 ||| FLEEEEING.
8655 ||| FLEEEEING.
8656 ||| FLEEEEING.
Fannar gestures wildly while chanting.
Fannar blinks!
8657 ||| READING scroll of teleportation.
As you read the scroll of teleportation, it crumbles to dust.
You feel strangely unstable. Fannar gestures at you while chanting.
The bolt of cold hits the ice beast.
The ice beast completely resists.
The bolt of cold hits you!!
You die...

>....?..
........###.....# #......
......)%........' #...#.#
######.###.....# #...#.##
#.........# #......#
#......##.# #.¤....#
#<####....# ###....# #>#
####.. #...¤######## #.#
#.# #####.....e.Y.@.# #.#
#.#
#...........Y...#####)###
#.#
#.....#..............)..#
#.#
#.....#.................#
#.#
#######..............(..#
#.#
#...............).#####.#
#.########.......!#.[....
#.# #............#.. #.#
#........#..#.#.


You could see Fannar (resistant) and 2 ice beasts.

Vanquished Creatures
  Harold (D:9)
  Erica (D:10)
  3 two-headed ogres
  A soul eater (D:9)
  2 rust devils (D:9)
  A smoke demon (D:9)
  Maggie (D:9)
  A red devil (D:9)
  A troll (D:10)
  Grinder (D:5)
  A hornet (D:10)
  Prince Ribbit (D:5)
  A wraith (Ossuary)
  A wyvern (D:7)
  A shadow (D:9)
  4 yaks (D:10)
  3 vampire mosquitoes (D:6)
  2 steam dragons (D:8)
  Edmund (D:5)
  2 acid dragons (D:9)
  Duvessa (D:6)
  Pargi (Sewer)
  2 ice beasts (D:7)
  3 orc warriors
  2 sky beasts
  4 centaurs
  7 phantoms
  3 kobold brigands
  4 bullfrogs
  Blork the orc (D:4)
  A gnoll sergeant (D:7)
  5 scorpions
  6 wights (D:9)
  Dowan (D:6)
  3 troll zombies (D:9)
  6 killer bees (D:9)
  3 electric eels (D:8)
  3 howler monkeys
  3 quasits (D:9)
  2 lava snakes (D:9)
  6 orc priests
  5 hounds
  A gnoll bouda (D:5)
  Jessica (D:3)
  3 iguanas
  6 orc wizards
  5 ogre zombies (D:9)
  3 mummies (Ossuary)
  18 adders
  23 gnolls
  4 white imps
  2 ufetubi
  3 worms
  3 dart slugs
  52 orcs
  10 endoplasms
  5 giant cockroaches
  3 goblins
  3 hobgoblins
  4 jackals (D:2)
  3 quokkas
  6 ball pythons
  9 bats
  3 frilled lizards
  2 goblin skeletons (D:9)
  8 goblin zombies
  4 hobgoblin zombies
  14 kobolds
  A kobold zombie (Ossuary)
  3 orc skeletons (D:9)
  14 orc zombies (D:9)
  3 rats
321 creatures vanquished.

Notes
Turn   | Place    | Note
-------+----------+-------------------------------------------
     0 | D:1      | qw the Gargoyle Hunter began the quest for the Orb.
     0 | D:1      | Reached XP level 1. HP: 12/12 MP: 1/1
     0 | D:1      | 0 ||| qw: Version: 0.2-a-120-gdf1a93b
     0 | D:1      | 0 ||| qw: Game counter: 2960
     0 | D:1      | 0 ||| qw: Always use a shield: true
     0 | D:1      | 0 ||| qw: God list: Okawaru
     0 | D:1      | 0 ||| qw: Allow faded altars: false
     0 | D:1      | 0 ||| qw: Do Orc after D:15 true
     0 | D:1      | 0 ||| qw: Do second Lair branch before Depths: true
     0 | D:1      | 0 ||| qw: Lair rune preference: random
     0 | D:1      | 0 ||| qw: Plans: Normal
     0 | D:1      | 0 ||| PLANNING D:1-11
   136 | D:1      | Reached XP level 2. HP: 17/17 MP: 2/2
   647 | D:1      | Reached XP level 3. HP: 21/21 MP: 3/3
   841 | D:1      | 841 ||| UPGRADING to +0 ring mail.
   851 | D:1      | 851 ||| DROPPING +0 leather armour.
   852 | D:1      | 852 ||| UPGRADING to +6 ring of dexterity.
   853 | D:1      | 853 ||| READING scroll labelled TOYJITONON.
   854 | D:1      | 854 ||| READING scroll labelled ROERA DUERGH.
   855 | D:1      | 855 ||| READING scroll labelled HAHYEF WENAI.
   856 | D:1      | 856 ||| DROPPING scroll of butterflies.
   918 | D:2      | Reached skill level 1 in Armour
   922 | D:2      | Reached skill level 5 in Ranged Weapons
   957 | D:2      | 957 ||| FLEEEEING.
   958 | D:2      | 958 ||| FLEEEEING.
  1193 | D:2      | Reached skill level 3 in Fighting
  1193 | D:2      | Reached XP level 4. HP: 24/28 MP: 4/4
  1716 | D:2      | 1716 ||| DROPPING +6 ring of intelligence.
  1717 | D:2      | 1717 ||| READING 2 scrolls labelled LATWEE QOPUNOG.
  1718 | D:2      | 1718 ||| READING scroll labelled GODOEZ WOFIASA.
  1736 | D:2      | 1736 ||| READING scroll labelled MENOMAI FYWEZ.
  1737 | D:2      | 1737 ||| READING 2 scrolls labelled MIXKOADOLA.
  1738 | D:2      | 1738 ||| DRINKING 2 glowing purple potions.
  1738 | D:2      | Gained mutation: Your magical capacity is low. (-10% MP)
                  | [potion of mutation]
  1738 | D:2      | Gained mutation: You are somewhat resistant to further
                  | mutation. [potion of mutation]
  1739 | D:2      | 1739 ||| DROPPING scroll of amnesia.
  1746 | D:3      | Noticed Jessica
  1746 | D:3      | Found a glowing drain.
  1747 | D:3      | 1747 ||| PLANNING SEWER
  1747 | D:3      | Killed Jessica
  1748 | D:3      | Reached XP level 5. HP: 32/32 MP: 4/4
  1754 | D:3      | Reached skill level 6 in Ranged Weapons
  1823 | Sewer    | Entered a sewer
  1951 | Sewer    | Noticed a kobold brigand
  1960 | Sewer    | Killed a kobold brigand
  1961 | Sewer    | Reached XP level 6. HP: 29/39 MP: 5/5
  2006 | Sewer    | Noticed Pargi
  2019 | Sewer    | Killed Pargi
  2070 | Sewer    | 2070 ||| UPGRADING to +0 troll leather armour {Pargi}.
  2080 | Sewer    | 2080 ||| DROPPING +0 ring mail.
  2081 | Sewer    | 2081 ||| UPGRADING to ring of willpower.
  2082 | Sewer    | 2082 ||| READING scroll labelled VOXTOA JUQIDI.
  2083 | Sewer    | 2083 ||| DRINKING 2 amethyst potions.
  2084 | Sewer    | 2084 ||| DRINKING 2 purple potions.
  2098 | D:3      | 2098 ||| PLANNING D:1-11
  2526 | D:3      | Found a runed translucent door.
  2527 | D:3      | Noticed Crazy Yiuf
  2610 | D:3      | Found a glowing silver altar of Zin.
  2619 | D:3      | Found a glowing golden altar of the Shining One.
  2868 | D:4      | 2868 ||| PLANNING OSSUARY
  2870 | D:4      | 2870 ||| STAIRDANCE
  3093 | D:4      | Reached XP level 7. HP: 44/44 MP: 6/6
  3116 | D:4      | Identified the +0 leather armour of the Old World {*Corrode
                  | rPois rC++}
  3225 | D:4      | Found a sand-covered staircase.
  3226 | D:4      | 3226 ||| DROPPING +0 leather armour of the Old World
                  | {*Corrode rPois rC++}.
  3227 | D:4      | 3227 ||| DRINKING 2 yellow potions.
  3228 | D:4      | 3228 ||| DROPPING potion of enlightenment.
  3233 | Ossuary  | Entered an ossuary
  3233 | Ossuary  | Noticed a wraith
  3233 | Ossuary  | Noticed a wraith
  3233 | Ossuary  | Noticed a wraith
  3291 | Ossuary  | 3291 ||| READING scroll of enchant weapon.
  3291 | Ossuary  | 3291 ||| ENCHANTING +1 heavy shortbow.
  3403 | Ossuary  | 3403 ||| READING scroll of enchant weapon.
  3403 | Ossuary  | 3403 ||| ENCHANTING +2 heavy shortbow.
  3542 | Ossuary  | Noticed a wraith
  3551 | Ossuary  | Killed a wraith
  3552 | Ossuary  | Reached skill level 7 in Ranged Weapons
  3575 | Ossuary  | 3575 ||| READING 4 scrolls labelled WUN ULUGEK.
  3576 | Ossuary  | 3576 ||| READING 2 scrolls labelled TOAFICH HOSS.
  3577 | Ossuary  | 3577 ||| READING scroll labelled GIGIES DIAPS.
  3581 | Ossuary  | 3581 ||| READING scroll labelled LETOAC IQOQOIG.
  3582 | Ossuary  | 3582 ||| DRINKING 2 fuming golden potions.
  3583 | Ossuary  | 3583 ||| DROPPING potion of magic.
  3584 | Ossuary  | 3584 ||| DROPPING 3 scrolls of fog.
  3602 | D:4      | 3602 ||| PLANNING D:1-11
  3612 | D:4      | Found a sacrificial altar of Ru.
  3679 | D:4      | Reached skill level 8 in Ranged Weapons
  3824 | D:4      | Reached XP level 8. HP: 49/49 MP: 7/7
  3873 | D:4      | Found a staircase to the Ecumenical Temple.
  3874 | D:4      | 3874 ||| PLANNING TEMPLE
  3876 | D:4      | Found a faded altar of an unknown god.
  3883 | Temple   | Entered the Ecumenical Temple
  4043 | Temple   | 4043 ||| PLANNING D:1-11
  4102 | D:4      | Noticed Blork the orc
  4111 | D:4      | Killed Blork the orc
  4139 | D:4      | Reached skill level 9 in Ranged Weapons
  4170 | D:4      | Reached skill level 3 in Dodging
  4193 | D:4      | 4193 ||| Stepping ~*~*~tactically~*~*~ (outnumbered).
  4310 | D:5      | Entered Level 5 of the Dungeon
  4310 | D:5      | Noticed Grinder
  4315 | D:5      | Killed Grinder
  4316 | D:5      | Reached skill level 6 in Fighting
  4456 | D:5      | Reached XP level 9. HP: 56/56 MP: 8/8
  4572 | D:5      | 4572 ||| Stepping ~*~*~tactically~*~*~ (outnumbered).
  4575 | D:5      | Reached skill level 10 in Ranged Weapons
  4723 | D:5      | Noticed Edmund
  4736 | D:5      | Killed Edmund
  4846 | D:5      | Noticed Prince Ribbit
  4850 | D:5      | Killed Prince Ribbit
  4978 | D:5      | 4978 ||| READING 3 scrolls of identify.
  4978 | D:5      | 4978 ||| IDENTIFYING dark potion
  4979 | D:5      | 4979 ||| READING 2 scrolls of identify.
  4979 | D:5      | 4979 ||| IDENTIFYING green potion
  5110 | D:6      | Found a white marble altar of Elyvilon.
  5183 | D:6      | Reached skill level 11 in Ranged Weapons
  5216 | D:6      | 5216 ||| Stepping ~*~*~tactically~*~*~ (outnumbered).
  5218 | D:6      | 5218 ||| Stepping ~*~*~tactically~*~*~ (outnumbered).
  5336 | D:6      | Noticed Dowan
  5338 | D:6      | Noticed Duvessa
  5342 | D:6      | Killed Dowan
  5348 | D:6      | Killed Duvessa
  5517 | D:6      | Found Ulutoh's Distillery.
  5523 | D:6      | 5523 ||| BUYING potion of curing (36 gold).
  5523 | D:6      | Bought a potion of curing for 36 gold pieces
  5523 | D:6      | 5523 ||| BUYING potion of curing (36 gold).
  5523 | D:6      | Bought a potion of curing for 36 gold pieces
  5523 | D:6      | 5523 ||| BUYING potion of curing (36 gold).
  5523 | D:6      | Bought a potion of curing for 36 gold pieces
  5523 | D:6      | 5523 ||| BUYING potion of heal wounds (60 gold).
  5523 | D:6      | Bought a potion of heal wounds for 60 gold pieces
  5523 | D:6      | 5523 ||| BUYING potion of mutation (96 gold).
  5523 | D:6      | Bought a potion of mutation for 96 gold pieces
  5603 | D:6      | 5603 ||| UPGRADING to +0 pair of gloves.
  5608 | D:6      | 5608 ||| READING scroll of enchant armour.
  5608 | D:6      | 5608 ||| ENCHANTING +0 pair of gloves.
  5609 | D:6      | 5609 ||| UPGRADING to amulet of reflection.
  5614 | D:6      | 5614 ||| DROPPING amulet of the acrobat.
  5615 | D:6      | 5615 ||| READING scroll labelled POWOADWIEPH.
  5866 | D:7      | 5866 ||| Stepping ~*~*~tactically~*~*~ (outnumbered).
  5884 | D:7      | Reached XP level 10. HP: 63/64 MP: 9/9
  5995 | D:7      | 5995 ||| FLEEEEING.
  6247 | D:7      | 6247 ||| READING scroll of enchant armour.
  6247 | D:7      | 6247 ||| ENCHANTING +1 pair of gloves.
  6272 | D:7      | Reached skill level 12 in Ranged Weapons
  6498 | D:7      | 6498 ||| READING 2 scrolls of identify.
  6498 | D:7      | 6498 ||| IDENTIFYING glowing silvery potion
  6499 | D:7      | 6499 ||| DROPPING potion of lignification.
  6534 | D:8      | 6534 ||| Stepping ~*~*~tactically~*~*~ (cloud).
  6573 | D:8      | 6573 ||| Stepping ~*~*~tactically~*~*~ (cloud).
  6574 | D:8      | 6574 ||| Stepping ~*~*~tactically~*~*~ (cloud).
  6592 | D:8      | Found a staircase to the Lair.
  6948 | D:8      | 6948 ||| READING scroll labelled GOIGOE ANECHUE.
  6949 | D:8      | 6949 ||| DRINKING 2 coppery potions.
  7010 | D:9      | Noticed a soul eater
  7030 | D:9      | Killed a soul eater
  7133 | D:9      | Reached skill level 13 in Ranged Weapons
  7147 | D:9      | Found a staircase to the Orcish Mines.
  7154 | D:9      | HP: 16/65 [troll zombie (7)]
  7155 | D:9      | 7155 ||| READING scroll of teleportation.
  7155 | D:9      | HP: 6/65 [wight/+3 trident (2)]
  7156 | D:9      | 7156 ||| DRINKING 2 potions of heal wounds.
  7157 | D:9      | 7157 ||| DRINKING potion of heal wounds.
  7207 | D:9      | 7207 ||| Stepping ~*~*~tactically~*~*~ (outnumbered).
  7209 | D:9      | 7209 ||| Stepping ~*~*~tactically~*~*~ (outnumbered).
  7210 | D:9      | Noticed a rust devil
  7211 | D:9      | 7211 ||| Stepping ~*~*~tactically~*~*~ (outnumbered).
  7216 | D:9      | Reached skill level 9 in Fighting
  7228 | D:9      | Reached skill level 3 in Armour
  7233 | D:9      | Killed a rust devil
  7234 | D:9      | Reached XP level 11. HP: 67/71 MP: 9/9
  7356 | D:9      | Noticed Maggie
  7362 | D:9      | Killed Maggie
  7397 | D:9      | 7397 ||| SWAPPING to +0 orcbow.
  7398 | D:9      | 7398 ||| DROPPING +3 heavy shortbow.
  7422 | D:9      | Noticed Harold
  7423 | D:9      | 7423 ||| Stepping ~*~*~tactically~*~*~ (outnumbered).
  7456 | D:9      | Killed Harold
  7457 | D:9      | Reached skill level 14 in Ranged Weapons
  7475 | D:9      | Noticed a two-headed ogre
  7480 | D:9      | Killed a two-headed ogre
  7741 | D:9      | 7741 ||| FLEEEEING.
  7742 | D:9      | 7742 ||| FLEEEEING.
  7743 | D:9      | 7743 ||| FLEEEEING.
  7744 | D:9      | 7744 ||| FLEEEEING.
  7745 | D:9      | 7745 ||| FLEEEEING.
  7746 | D:9      | 7746 ||| FLEEEEING.
  7747 | D:9      | 7747 ||| FLEEEEING.
  7748 | D:9      | 7748 ||| FLEEEEING.
  7749 | D:9      | 7749 ||| FLEEEEING.
  7784 | D:9      | 7784 ||| Stepping ~*~*~tactically~*~*~ (outnumbered).
  7786 | D:9      | 7786 ||| Stepping ~*~*~tactically~*~*~ (outnumbered).
  7788 | D:9      | 7788 ||| Stepping ~*~*~tactically~*~*~ (outnumbered).
  7999 | D:9      | 7999 ||| READING scroll of brand weapon.
  7999 | D:9      | 7999 ||| BRANDING +0 orcbow.
  8181 | D:9      | 8181 ||| UPGRADING to +0 pair of boots.
  8186 | D:9      | 8186 ||| READING scroll of enchant armour.
  8186 | D:9      | 8186 ||| ENCHANTING +0 pair of boots.
  8214 | D:10     | Entered Level 10 of the Dungeon
  8278 | D:10     | Noticed a two-headed ogre
  8278 | D:10     | Noticed Erica
  8285 | D:10     | Killed a two-headed ogre
  8286 | D:10     | Reached skill level 6 in Dodging
  8307 | D:10     | Killed Erica
  8414 | D:10     | Found an iron altar of Okawaru.
  8415 | D:10     | 8415 ||| PLANNING OKAWARU WORSHIP
  8415 | D:10     | 8415 ||| READING 2 scrolls of identify.
  8415 | D:10     | 8415 ||| IDENTIFYING golden potion
  8416 | D:10     | 8416 ||| DROPPING potion of attraction.
  8423 | D:10     | Became a worshipper of Warmaster Okawaru
  8423 | D:10     | 8423 ||| PLANNING D:1-11
  8514 | D:10     | Noticed a two-headed ogre
  8529 | D:10     | Killed a two-headed ogre
  8591 | D:10     | Reached skill level 15 in Ranged Weapons
  8631 | D:10     | Noticed Fannar
  8646 | D:10     | HP: 10/72 [Fannar/+0 quarterstaff of freezing (25)]
  8647 | D:10     | 8647 ||| READING 2 scrolls of teleportation.
  8647 | D:10     | HP: 3/72 [Fannar/+0 quarterstaff of freezing (9)]
  8653 | D:10     | 8653 ||| FLEEEEING.
  8654 | D:10     | 8654 ||| FLEEEEING.
  8655 | D:10     | 8655 ||| FLEEEEING.
  8656 | D:10     | 8656 ||| FLEEEEING.
  8657 | D:10     | 8657 ||| READING scroll of teleportation.
  8657 | D:10     | Killed from afar by Fannar

Levels and vault maps discovered:
D:1:      roderic_dead_forest, layout_basic
D:2:      layout_basic, chequers_serial_rivers_micro_b
D:3:      layout_loops_ring, minitemple, gup_sewer_entry_glass,
          roderic_serpentine_path, uniq_jessica, uniq_crazy_yiuf_cottage
D:4:      layout_loops_ring, nicolae_ru_awakened_eye,
          nicolae_temple_entry_ecumenical, lightli_ossuary_entry_decrepit_ruins,
          nzn_random_ring, uniq_blork_the_orc
D:5:      layout_gridville, kennysheep_doodads, moated_statue,
          uniq_prince_ribbit1, uniq_edmund, uniq_grinder
D:6:      layout_loops_ring, nicolae_elyvilon_peaceful_grove, serial_shops,
          shop, uniq_duvessa
D:7:      layout_loops_corners
D:8:      layout_rooms, dpeg_oklobed_lair, water_boxes_lemuel
D:9:      layout_roguey, zombieorc2_lemuel, serial_demonic, serial_demonic_c,
          serial_demonic_a, serial_demonic_b, serial_demonic_g, minivault_23,
          kennysheep_potato, uniq_maggie, uniq_harold
D:10:     layout_basic, okawaru_metal_pillars_3, uniq_fannar, uniq_erica
Temple:   bh_familiar_temple

Skill      XL: |  1  2  3  4  5  6  7  8  9 10 11 |
---------------+----------------------------------+-----
Armour         | 1 2 3 |  3.5
Ranged Weapons | 5 6 8 9 11 13 15 | 15.0
Fighting       | 3 4 5 6 8 9 10 | 10.2
Dodging        | 2 3 4 5 6 |  6.0
Stealth        | |  1.1

Action                     |  1- 3 |  4- 6 |  7- 9 | 10-12 || total
---------------------------+-------+-------+-------+-------++-------
   Fire: Shortbow          |    83 |   146 |   307 |   224 ||   760
         Orcbow            |       |       |       |   304 ||   304
    Use: Scroll            |     3 |     5 |    10 |     9 ||    27
         Potion            |       |     3 |     2 |     3 ||     8
 Armour: Leather armour    |     8 |       |       |       ||     8
         Ring mail         |     8 |    48 |       |       ||    56
         Troll leather arm |       |     8 |    71 |    74 ||   153
  Dodge: Dodged            |    26 |    81 |   132 |   160 ||   399
  Block: Other             |       |       |     7 |    41 ||    48
         Reflection        |       |       |       |     4 ||     4

Table legend:
 A = Non-vault XP
 B = Vault XP
 C = Vault XP percentage of total XP
 D = Non-vault monster count
 E = Vault monster count
 F = Vault count percentage of total count
                 A         B        C        D         E       F
            +---------+---------+-------+---------+---------+-------
      Total |   10417 |    7758 |  42.7 |     223 |      98 |  30.5
            +---------+---------+-------+---------+---------+-------
        D:1 |      37 |       0 |   0.0 |      21 |       0 |   0.0
        D:2 |     125 |       0 |   0.0 |      22 |       0 |   0.0
        D:3 |      95 |      78 |  45.1 |      19 |       5 |  20.8
        D:4 |     339 |     619 |  64.6 |      22 |      19 |  46.3
        D:5 |     740 |     681 |  47.9 |      27 |       3 |  10.0
        D:6 |     856 |     211 |  19.8 |      15 |       2 |  11.8
        D:7 |    1107 |       0 |   0.0 |      27 |       0 |   0.0
        D:8 |    1169 |       0 |   0.0 |      22 |       0 |   0.0
        D:9 |    2657 |    4785 |  64.3 |      35 |      48 |  57.8
       D:10 |    3292 |     839 |  20.3 |      13 |       1 |   7.1
      Sewer |       0 |     267 | 100.0 |       0 |       9 | 100.0
    Ossuary |       0 |     278 | 100.0 |       0 |      11 | 100.0
            +---------+---------+-------+---------+---------+-------
